 Dungeon Crawl Stone Soup version 0.32-a0-131-g9dbbe29261 (webtiles) character file.

Game seed: 1009058077969672565

157 Dittersdorf the Covered (level 5, 0/33 HPs)
             Began as a Gargoyle Fighter on Feb 8, 2024.
             Slain by a gnoll sergeant
             ... wielding a +2 trident of venom
              (11 damage)
             ... on level 3 of the Dungeon.
             The game lasted 00:02:41 (2897 turns).

Dittersdorf the Covered (Gargoyle Fighter)          Turns: 2897, Time: 00:02:41

Health: 0/33       AC: 16    Str: 22    XL:     5   Next: 38%
Magic:  5/5        EV:  8    Int:  8    God:
Gold:   167        SH:  4    Dex:  9    Spells: 4/4 levels left

rFire   . . .        a - +0 flail
rCold   . . .        c - +0 buckler
rNeg    + . .        r - +0 chain mail
rPois   ∞            (no helmet)
rElec   +            (no cloak)
rCorr   .            b - +2 pair of gloves
SInv    .            (no boots)
Will    .....        h - amulet of magic regeneration Stlth
                     (no ring)
HPRegen 0.25/turn    (no ring)
MPRegen 0.49/turn

%: no passive effects
@: no status effects
A: sickness immunity, AC +4, negative energy resistance 1, electricity
resistance, torment resistance 1, petrification resistance
a: no special abilities


You were on level 3 of the Dungeon.
You visited 1 branch of the dungeon, and saw 3 of its levels.

You collected 222 gold pieces.
You spent 55 gold pieces at shops.

Inventory:

Hand Weapons
 a - a +0 flail (weapon)
Missiles
 t - 2 throwing nets (quivered)
Armour
 b - a +2 pair of gloves (worn)
 c - a +0 buckler (worn)
 r - a +0 chain mail (worn)
Jewellery
 h - an amulet of magic regeneration (around neck)
Scrolls
 e - 4 scrolls of immolation {unknown}
 k - a scroll of identify {unknown}
 n - a scroll of blinking {unknown}
 p - a scroll of brand weapon {unknown}
 s - a scroll of torment {unknown}
Potions
 d - 3 potions of might
 f - a potion of haste {unknown}
 g - a potion of mutation {unknown}
 i - a potion of curing {unknown}
 j - a potion of lignification {unknown}
 l - a potion of heal wounds
 m - a potion of attraction {unknown}
 o - a potion of enlightenment {unknown}
 q - 2 potions of resistance {unknown}


   Skills:
 + Level 4.2 Fighting
 + Level 3.1 Maces & Flails
 + Level 4.3 Armour
 + Level 4.2 Shields


You had 4 spell levels left.
You didn't know any spells.
Your spell library was empty.

Dungeon Overview and Level Annotations

Branches:
Dungeon (3/15)

Altars:
Makhleb
Nemelex Xobeh
Uskayaw

Shops:
D:2 [**=

Annotations:
D:3 1 runed translucent door, Crazy Yiuf


Innate Abilities, Weirdness & Mutations

You are immune to sickness and miasma.
Your stone body is resilient. (AC +4)
You are immune to poison.
You resist negative energy. (rN+)
You are resistant to electric shocks. (rElec)
You are resistant to unholy torment.
You are immune to petrification.


Message History

The gnoll sergeant barely misses you.
You closely miss the gnoll sergeant.
The gnoll sergeant is lightly wounded.
The gnoll hits you but does no damage.
The gnoll sergeant hits you with a +2 trident of venom!
You hit the gnoll sergeant but do no damage.
The gnoll sergeant is lightly wounded.
The gnoll completely misses you. You block the gnoll sergeant's attack.
The gnoll sergeant hits you with a +2 trident of venom.
The gnoll barely misses you.
You hit the gnoll sergeant but do no damage.
The gnoll sergeant is lightly wounded.
The gnoll hits you with a +0 club.
The gnoll sergeant hits you with a +2 trident of venom!
You are too injured to fight recklessly!
You are too injured to fight recklessly!
You are too injured to fight recklessly!
You are too injured to fight recklessly!
You are too injured to fight recklessly!
You are too injured to fight recklessly!
You are too injured to fight recklessly!
You are too injured to fight recklessly!
You are too injured to fight recklessly!
You are too injured to fight recklessly!
You are too injured to fight recklessly!
You are too injured to fight recklessly!
You are too injured to fight recklessly!
You are too injured to fight recklessly!
You are too injured to fight recklessly!
You are too injured to fight recklessly!
You are too injured to fight recklessly!
You are too injured to fight recklessly!
You hit the gnoll sergeant but do no damage.
The gnoll sergeant is lightly wounded.
The gnoll barely misses you. The gnoll sergeant misses you.
You closely miss the gnoll sergeant.
The gnoll sergeant is lightly wounded.
The gnoll closely misses you.
The gnoll sergeant hits you with a +2 trident of venom!
You die...

#.# #. ## ..#
##. ###.# ###
###.. ♣♣#..). ♣
#.... .#.... )♣
#.#.. ♣.#.... .♣
#.#.[
♣.###'###.♣
#.#..
♣).....g..♣
#.#.# ♣....♣@.♣
#.#.# ♣.♣.g)♣♣
#.... ♣.....♣
#####.# ♣♣...♣♣
#..†..# ♣)..♣
#.##### ♣♣)♣♣
#.# ♣)♣ #.# #.#
#.#
#.############.#


You could see a gnoll sergeant and a gnoll.

Vanquished Creatures
  7 gnolls
  3 adders
  2 ribbon worms (D:3)
  4 orcs (D:3)
  5 endoplasms
  A giant cockroach (D:3)
  4 hobgoblins
  5 kobolds
  3 quokkas (D:2)
  2 ball pythons
  8 bats
  4 frilled lizards
  6 goblins
  4 rats
58 creatures vanquished.

Notes
Turn   | Place    | Note
-------+----------+-------------------------------------------
     0 | D:1      | Dittersdorf the Gargoyle Fighter began the quest for the
                  | Orb.
     0 | D:1      | Reached XP level 1. HP: 14/14 MP: 1/1
   123 | D:1      | Reached XP level 2. HP: 13/19 MP: 2/2
  1156 | D:2      | Found Ceggaq's General Store.
  1191 | D:2      | Bought a potion of heal wounds for 55 gold pieces
  1263 | D:2      | Reached XP level 3. HP: 21/23 MP: 3/3
  1278 | D:2      | Found Ucwuqav's Armour Shop.
  1524 | D:2      | Found Ycsips's Assorted Antiques.
  1752 | D:2      | Found Wefauscho's Jewellery Emporium.
  1801 | D:2      | Reached XP level 4. HP: 9/29 MP: 4/4
  2198 | D:3      | Found a hide-covered altar of Uskayaw.
  2348 | D:3      | Found a burning altar of Makhleb.
  2526 | D:3      | Found a runed translucent door.
  2527 | D:3      | Noticed Crazy Yiuf
  2580 | D:3      | Found a sparkling altar of Nemelex Xobeh.
  2698 | D:3      | Reached XP level 5. HP: 33/33 MP: 5/5
  2886 | D:3      | Found the +5 woodcutter's axe
  2887 | D:3      | Identified the +0 hand axe of the Present {spect, ^Contam
                  | rElec Stlth+}
  2897 | D:3      | Slain by a gnoll sergeant

Illustrated notes

Levels and vault maps discovered:
D:1:      lightli_iron_boxes, layout_basic, st_stairs_7
D:2:      layout_basic, serial_shops, shop, shop, nicolae_diamond_shop,
          nicolae_shop_window_shopping, kennysheep_decorative_pillar,
          minmay_misc_feat_rugged
D:3:      layout_loops_cross, nicolae_overflow_hidden_temple,
          mainiacjoe_overflow_six_doors_small, old_standard_altar,
          marbit_many_paths, pf_guarded_unrand_woodcutter,
          uniq_crazy_yiuf_cottage

Skill      XL: |  1  2  3  4 |
---------------+-------------+-----
Armour         | 4 |  4.3
Fighting       | 4 |  4.2
Shields        | 4 |  4.2
Maces & Flails | 3 |  3.1

Action                     |  1- 3 |  4- 6 || total
---------------------------+-------+-------++-------
  Melee: Flail             |   130 |    89 ||   219
 Armour: Scale mail        |   121 |    25 ||   146
         Chain mail        |       |    40 ||    40
  Dodge: Dodged            |    86 |    49 ||   135
  Block: Buckler           |    42 |    24 ||    66

Table legend: (Time is in decaauts)
 A = Elapsed time spent in this place.
 B = Non-inter-level travel time spent in this place.
 C = Inter-level travel time spent in this place.
 D = Time resting spent in this place.
 E = Time spent auto-exploring this place.
 F = Levels seen in this place.
 G = Mean time per level.
                   A        B        C        D        E       F      G
               +--------+--------+--------+--------+--------+-----+--------+
         Total |   2963 |   2890 |     73 |    141 |   2222 |   3 |  987.7 |
       Dungeon |   2963 |   2890 |     73 |    141 |   2222 |   3 |  987.7 |
               +--------+--------+--------+--------+--------+-----+--------+

Top non-repeatable levels by time:
     D:1: 1162 daAuts
     D:2: 1058 daAuts
     D:3: 742 daAuts
